 Dungeon Crawl Stone Soup version 0.20.2-3-g29329e0561 (webtiles) character file.

4957 Alfie the Carver (level 10, -16/86 HPs)
             Began as a Minotaur Fighter on Aug 28, 2020.
             Demolished by Gastronok (29 damage)
             ... on level 8 of the Dungeon.
             The game lasted 00:23:24 (6855 turns).

Alfie the Carver (Minotaur Fighter)                 Turns: 6855, Time: 00:23:25

Health: -16/86     AC: 13    Str: 24    XL:     10   Next: 28%
Magic:  9/9        EV: 12    Int:  5    God:
Gold:   409        SH: 16    Dex: 10    Spells: 9/9 levels left

rFire    . . .     SeeInvis .   a - +4 long sword
rCold    . . .     Gourm    .   c - +1 shield
rNeg     . . .     Faith    .   n - +2 ring mail
rPois    +         Spirit   .   (helmet restricted)
rElec    .         Reflect  +   (no cloak)
rCorr    .         Harm     .   D - +1 pair of gloves
MR       .....                  o - +1 pair of boots
Stlth    ++........             e - +3 amulet of reflection
Regen    0.3/turn               A - ring of poison resistance
MPRegen  0.2/turn               z - ring of stealth

@: no status effects
A: retaliatory headbutt, horns 2
a: no special abilities


You were on level 8 of the Dungeon.
You were not hungry.

You visited 1 branch of the dungeon, and saw 8 of its levels.
You also visited: Sewer and Ossuary.

You collected 669 gold pieces.
You spent 260 gold pieces at shops.

Inventory:

Hand Weapons
 a - a +4 long sword (weapon)
 r - a +0 shortbow
Missiles
 s - 143 arrows
Armour
 c - a +1 shield (worn)
 n - a +2 ring mail (worn)
 o - a +1 pair of boots (worn)
 w - the +1 pair of boots of the Pirate {rElec rCorr Int+3, unknown}
   (You found it on level 4 of the Dungeon)

   It affects your intelligence (+3).
   It insulates you from electricity.
   It protects you from acid and corrosion.
 D - a +1 pair of gloves (worn)
Jewellery
 e - a +3 amulet of reflection (around neck)
 g - an uncursed amulet of harm
 z - a ring of stealth (right hand)
 A - a ring of poison resistance (left hand)
 C - a +6 ring of strength {unknown}
 E - an uncursed amulet of the gourmand {unknown}
 H - an uncursed ring of wizardry {unknown}
 K - an uncursed ring of protection from magic {unknown}
Wands
 k - a wand of confusion (29/48)
 v - a wand of paralysis (14/24)
 F - a wand of flame (48/48)
Scrolls
 d - a scroll of fog
 l - 3 scrolls of recharging
 u - 5 scrolls of remove curse
 y - a scroll of fear
 B - 2 scrolls of blinking
 I - 3 scrolls of teleportation
Potions
 b - 7 potions of curing
 h - 2 potions of haste {unknown}
 i - a potion of flight
 j - a potion of mutation {unknown}
 m - a potion of ambrosia {unknown}
 p - 2 potions of lignification
 t - a potion of cancellation
 x - 3 potions of might
Comestibles
 f - 3 bread rations
 q - a meat ration
 G - 10 royal jellies


   Skills:
 + Level 7.6 Fighting
 + Level 11.3 Long Blades
 + Level 7.1 Armour
 + Level 5.4 Dodging
 + Level 1.4 Stealth
 + Level 9.6 Shields


You had 9 spell levels left.
You didn't know any spells.

Dungeon Overview and Level Annotations

Branches:
Dungeon (8/15)             Temple (0/1) D:7
   Lair: D:8-11

Altars:
Ashenzari
Dithmenos
Elyvilon
Gozag
Qazlal
Sif Muna
Uskayaw
Vehumet
Xom

Shops:
D:4 =   D:5 }   D:8 =

Annotations:
D:7 exclusion: statue
D:8 Gastronok


Innate Abilities, Weirdness & Mutations

You reflexively headbutt those who attack you in melee.
You have a pair of horns on your head.


Message History

As you read the scroll of identify, it crumbles to dust.
F - a wand of flame (24/48) Charge which item? (? for menu, Esc to quit)
As you read the scroll of recharging, it crumbles to dust.
Your wand of flame (24/48) glows for a moment and now has 48 charges.
Gastronok the Ponderous comes into view.
Gastronok gurgles horribly!
Gastronok waves his eye-stalks in wide circles.
The air twists around and strikes you!
* * * LOW HITPOINT WARNING * * *
You don't know any spells.
You don't know any spells.
There are no items here.
You slash Gastronok!
You headbutt Gastronok, but do no damage.
Gastronok is lightly wounded.
You hit Gastronok.
Gastronok is lightly wounded.
Gastronok bites you!!
You die...

........ .# ..#......#..#
............#
...........# #.
..#...$..#..# #..
#...........## #.#
#...#..#w....## #.#
........@.....## ##.####
..#...........####......
.....+.........+.........
...# #.........####...###
.. ##.......## ##.##
##.....## ##.## ##...##
##...## ##'## ##.....##
#)# #.......#


You could see Gastronok.

Vanquished Creatures
  A two-headed ogre (D:8)
  The ghost of Alfie the Archer, a novice MiHu (D:7)
  A hornet (D:8)
  Prince Ribbit (D:8)
  A necrophage (D:7)
  2 orc warriors
  3 phantoms
  2 ice beasts (D:8)
  5 ogres
  A centaur (D:3)
  A big kobold (Sewer)
  4 bullfrogs
  2 scorpions
  5 howler monkeys
  A centaur zombie (D:5)
  A crimson imp (D:7)
  A human zombie (Ossuary)
  9 orc priests
  2 hounds
  6 jellies
  A bullfrog skeleton (D:4)
  Terence (D:3)
  6 orc wizards
  3 iguanas
  2 worker ants
  3 big kobold zombies (Ossuary)
  A hound skeleton (D:7)
  2 mummies (Ossuary)
  Robin (D:4)
  4 gnolls (D:3)
  9 adders
  3 river rats
  2 shadow imps
  6 oozes
  3 adder skeletons
  2 adder zombies (D:6)
  2 worms (D:3)
  2 dart slugs
  8 leopard geckos
  29 orcs
  4 bats
  4 giant cockroaches
  10 hobgoblins
  9 jackals
  12 kobolds
  4 quokkas
  2 ball pythons (D:3)
  6 frilled lizards
  4 gnoll zombies (Ossuary)
  15 goblins
  4 hobgoblin zombies (Ossuary)
  A jackal zombie (D:6)
  2 leopard gecko zombies
  2 orc zombies (Ossuary)
  10 rats
229 creatures vanquished.

Vanquished Creatures (others)
  A centaur (D:7)
  An orc wizard (D:6)
2 creatures vanquished.

Grand Total: 231 creatures vanquished

Notes
Turn   | Place    | Note
-------+----------+-------------------------------------------
     0 | D:1      | Alfie the Minotaur Fighter began the quest for the Orb.
     0 | D:1      | Reached XP level 1. HP: 19/19 MP: 0/0
   207 | D:1      | Reached XP level 2. HP: 25/27 MP: 1/1
   976 | D:2      | Reached XP level 3. HP: 33/33 MP: 2/2
  1253 | D:2      | Found a shimmering altar of Xom.
  1254 | D:2      | Found a shimmering altar of Xom.
  1256 | D:2      | Found a shimmering altar of Xom.
  1270 | D:2      | Reached skill level 3 in Long Blades
  1279 | D:2      | Found a shimmering altar of Xom.
  1282 | D:2      | Found a shimmering altar of Xom.
  1342 | D:2      | Found a hide-covered altar of Uskayaw.
  1486 | D:3      | Noticed a centaur
  1497 | D:3      | Killed a centaur
  1497 | D:3      | Reached skill level 1 in Dodging
  1497 | D:3      | Reached XP level 4. HP: 40/40 MP: 3/3
  1497 | D:3      | Reached XP level 5. HP: 46/46 MP: 4/4
  1528 | D:3      | Reached skill level 4 in Long Blades
  1603 | D:3      | Found a glowing drain.
  1629 | Sewer    | Entered a sewer
  1711 | Sewer    | Reached skill level 5 in Armour
  1711 | Sewer    | Reached skill level 5 in Shields
  1711 | Sewer    | Reached XP level 6. HP: 42/53 MP: 5/5
  1727 | Sewer    | Found a white marble altar of Elyvilon.
  1871 | D:3      | Found a shattered altar of Ashenzari.
  2017 | D:3      | Reached skill level 5 in Long Blades
  2021 | D:3      | Noticed Terence
  2036 | D:3      | Killed Terence
  2487 | D:4      | Found a shimmering altar of Xom.
  2529 | D:4      | Reached XP level 7. HP: 16/60 MP: 6/6
  2564 | D:4      | Found Wualiaro's Jewellery Shop.
  2699 | D:4      | Reached skill level 6 in Long Blades
  2741 | D:4      | Noticed Robin
  2745 | D:4      | Reached skill level 5 in Fighting
  2761 | D:4      | Killed Robin
  2901 | D:4      | Got a pair of bloodstained boots
  3483 | D:5      | Entered Level 5 of the Dungeon
  3601 | D:5      | Found a stormy altar of Qazlal.
  3809 | D:5      | Found Siwn's Gadget Boutique.
  3835 | D:5      | Reached skill level 7 in Long Blades
  3835 | D:5      | Reached XP level 8. HP: 58/68 MP: 7/7
  4244 | D:4      | Bought an uncursed ring of poison resistance for 260 gold pieces
  4408 | D:6      | Found a white marble altar of Elyvilon.
  4431 | D:6      | Reached skill level 8 in Long Blades
  4483 | D:6      | Found a sand-covered staircase.
  4492 | Ossuary  | Entered an ossuary
  4710 | D:6      | Found a shadowy altar of Dithmenos.
  4903 | D:6      | Reached skill level 9 in Long Blades
  5253 | D:7      | Reached XP level 9. HP: 33/75 MP: 8/8
  5282 | D:7      | Found a radiant altar of Vehumet.
  5295 | D:7      | Found an opulent altar of Gozag.
  5453 | D:7      | Found a staircase to the Ecumenical Temple.
  5531 | D:7      | Noticed Alfie's ghost (novice MiHu)
  5558 | D:7      | Killed Alfie's ghost
  5605 | D:7      | Found a deep blue altar of Sif Muna.
  5921 | D:7      | Reached skill level 10 in Long Blades
  6273 | D:8      | Noticed Prince Ribbit
  6384 | D:8      | Noticed a two-headed ogre
  6393 | D:8      | Killed a two-headed ogre
  6393 | D:8      | Reached skill level 5 in Dodging
  6393 | D:8      | Reached skill level 1 in Stealth
  6393 | D:8      | Reached XP level 10. HP: 44/86 MP: 9/9
  6590 | D:8      | Found Siduoghy's Jewellery Emporium.
  6645 | D:8      | Reached skill level 11 in Long Blades
  6819 | D:8      | Killed Prince Ribbit
  6841 | D:8      | Noticed Gastronok
  6855 | D:8      | Demolished by Gastronok

Skill      XL: |  1  2  3  4  5  6  7  8  9 10 |
---------------+-------------------------------+-----
Shields        | 4 5 6 7 9 |  9.6
Fighting       | 4 5 7 |  7.6
Armour         | 4 5 6 7 |  7.1
Long Blades    | 3 4 5 7 9 10 11 | 11.3
Dodging        | 1 2 4 5 |  5.4
Stealth        | 1 |  1.4

Action                   |  1- 3 |  4- 6 |  7- 9 | 10-12 || total
-------------------------+-------+-------+-------+-------++-------
Melee: Long sword        |    98 |    93 |   390 |    81 ||   662
       Headbutt          |    13 |    24 |    73 |    19 ||   129
  Use: Scroll            |    10 |     4 |     9 |     3 ||    26
       Potion            |       |     2 |     4 |       ||     6
  Eat: Fruit             |     2 |       |       |       ||     2
       Royal jelly       |       |     1 |       |       ||     1
       Bread ration      |       |     1 |     3 |       ||     4
Armor: Scale mail        |    15 |       |       |       ||    15
       Ring mail         |    26 |    31 |    69 |     7 ||   133
Dodge: Dodged            |    37 |    34 |    93 |    21 ||   185
Block: Shield            |    62 |    72 |   251 |    40 ||   425
       Reflection        |       |       |     3 |       ||     3
       Rpst.: Long sword |     7 |    14 |    31 |     7 ||    59
